← All builds
Tech / Armada / Economy first / OBSERVED BUILD

Standard tech

Armada Tech (Eco) build order · Supreme Isthmus

Rushes T2 factory and T2 constructor to supply the team, upgrading mexes first and sending the first T2 constructor to Geo before scaling its own eco.

Usually first T2 con to Geo (82%)

#eco #t2 #team support · 1779 distinct matches · 271 players · 59% of Armada Tech games · team won 54% of 2103 · Recently observed

HOW TO PLAY IT

Key timing: T2 factory by 4:15

  1. Open 3 mex and heavy wind to fund a fast T2 rush.
  2. Put down Bot Lab, planning to eat it for reclaim soon after.
  3. Get Advanced Bot Lab up, hitting the T2 factory rush timing.
  4. Upgrade mex to Advanced Metal Extractor to lock in team metal income.
  5. Eat Advanced Bot Lab and keep sending cons to Geo and Pond.

Phase by phase

TYPICAL OF ITS 1779 GAMES
  1. 1
  2. 2
  3. 3
  4. 4
PLAY THE OPENING

Follow the example game's first 6:00 step by step: what to build now, what comes next, and where it goes. At 1× it keeps pace with your own game.

  1. 1

    Up to the Bot Lab

    Economy
    • Metal Extractor3Mex
    • Wind Turbine4Wind
    Order
    1. Bot LabBot Lab after 3 mex, 4 winddone ~1:18, middle half 1:13–1:32

    Some games also: energy storage (32%)

    By 1:01 in all: 3 mex · 4 wind

    The example game in this phase · 3 steps
    1. Mex ×2
    2. Wind ×2
    3. Bot LabBot Labdone 0:49 · typical 1:18
  2. 2

    Bot Lab to Advanced Bot Lab

    Economy
    • Metal Extractor1Mex
    • Wind Turbine8Wind
    • Energy Storage1Energy storage
    Order
    1. Advanced Bot LabAdvanced Bot Lab after 4 mex, 12 wind, 3 con turretdone ~4:16, middle half 4:04–4:30
    Builders
    • Construction Turret3 Con turret
    • Lazarus3 Lazarus
    • Construction Bot2 Con bot
    • Construction Bot1 Con bot for allies

    Some games also: converter (36%)

    By 3:18 in all: 4 mex · 12 wind · 1 energy storage · 3 con turret

    The example game in this phase · 16 steps
    1. LazarusLazarus ×2
    2. Mex
    3. Construction BotCon botfor Air
    4. Wind ×2
    5. LazarusLazarus
    6. Con turret
    7. Construction BotCon bot
    8. Wind
    9. Mex
    10. Wind ×2
    11. LazarusLazarus
    12. Wind
    13. Con turret ×2
    14. Wind ×2
    15. Bot LabEat Bot Labreclaimed for its metal
    16. Advanced Bot LabAdvanced Bot Labdone 4:06 · typical 4:16
  3. 3

    Advanced Bot Lab to 5:00

    Economy
    • Wind Turbine3Wind
    Order
    1. Bot LabEat Bot Lab
    Builders
    • Advanced Construction Bot1 T2 con bot for allies

    Some games also: converter (35%)

    By 5:00 in all: 4 mex · 15 wind · 1 converter · 1 energy storage · 3 con turret

    The example game in this phase · 3 steps
    1. Converter ×4
    2. SharpshooterSniper botfor Ponddone 4:48
    3. Advanced Construction BotT2 con botfor Geo
  4. 4

    5:00 to 10:00

    Economy
    • Wind Turbine43Wind
    • Energy Converter6Converter
    Builders
    • Butler9 Butler
    • Advanced Construction Bot4 T2 con bot for allies
    • Advanced Construction Bot1 T2 con bot

    Some games also: con turret (42%) · Butler for allies (36%)

    By 10:00 in all: 4 mex · 59 wind · 8 converter · 1 energy storage · 3 con turret

    The example game in this phase · 193 steps
    1. Advanced Metal ExtractorT2 mexdone 5:25 · typical 5:28
    2. Advanced Construction BotT2 con botfor Air
    3. Wind
    4. SharpshooterSniper botfor Pond
    5. Wind
    6. Advanced Metal ExtractorT2 mex
    7. Wind ×2
    8. ButlerButler
    9. Advanced Metal ExtractorT2 mex
    10. ButlerButler
    11. Wind
    12. Advanced Metal ExtractorT2 mex
    13. Wind
    14. ButlerButler
    15. Wind
    16. ButlerButler
    17. Advanced Construction BotT2 con botfor Geo sea
    18. Wind
    19. ButlerButlerfor Suicide front
    20. Wind ×3
    21. ButlerButler
    22. Advanced Construction BotT2 con botfor Beach sea
    23. Wind ×4
    24. ButlerButler
    25. Wind
    26. ButlerButler
    27. Wind
    28. ButlerButler
    29. Advanced Construction BotT2 con botfor Pond
    30. Wind ×3
    31. ButlerButler
    32. Wind
    33. ButlerButler
    34. Converter
    35. Wind
    36. Energy storage
    37. ButlerButler
    38. Wind
    39. Converter
    40. Wind
    41. Converter
    42. Wind
    43. ButlerButler
    44. Wind ×2
    45. ButlerButler
    46. Converter
    47. Wind
    48. ButlerButler
    49. Wind
    50. GunslingerGunslingerfor Geo seadone 10:16
    51. Wind ×2
    52. Converter
    53. Wind ×2
    54. Converter
    55. Wind ×2
    56. ButlerButler
    57. Wind ×3
    58. ButlerButler
    59. Wind
    60. Converter
    61. Wind ×3
    62. ButlerButlerfor Suicide front
    63. Wind ×2
    64. Converter
    65. Wind ×3
    66. ButlerButler
    67. Wind
    68. Converter
    69. Wind ×3
    70. ButlerButler
    71. Wind ×2
    72. Converter
    73. ButlerButler
    74. Wind ×4
    75. ButlerButler
    76. Wind ×3
    77. Converter
    78. Wind
    79. ButlerButler
    80. Wind ×4
    81. Converter
    82. ButlerButler
    83. Wind ×4
    84. Converter
    85. Wind ×2
    86. ButlerButler
    87. Wind ×2
    88. Converter ×2
    89. Wind ×2
    90. Converter
    91. Wind ×3
    92. Converter ×2
    93. Wind
    94. ButlerButler
    95. Wind ×2
    96. Converter
    97. Wind ×4
    98. Converter ×2
    99. Wind ×2
    100. Converter
    101. Wind ×5
    102. Converter ×2
    103. Wind ×4
    104. ButlerButler
    105. Wind ×3
    106. Converter
    107. Wind ×3
    108. Converter ×2
    109. Wind ×6
    110. Converter
    111. Wind ×3
    112. ButlerButler
    113. Wind
    114. Converter
    115. Wind ×5
    116. ButlerButler
    117. Wind
    118. Advanced Construction BotT2 con bot
    119. Converter
    120. Wind ×5
    121. Converter
    122. Wind ×2
    123. ButlerButler
    124. Wind ×3
    125. Converter
    126. Wind ×2
    127. ButlerButler
    128. Wind ×4
    129. Converter
    130. Wind
    131. ButlerButler
    132. Experimental GantryExperimental Gantrynot finished by 15:00
    133. Wind ×4
    134. Converter
    135. Wind ×2
    136. ButlerButler
    137. Wind ×3
    138. ButlerButler
    139. Converter
    140. Metal storage
    141. Wind ×5
    142. Converter
    143. Wind ×2
    144. Converter
    145. Wind
    146. Converter
    147. Wind ×5
    148. Converter
    149. Wind ×5
    150. Converter
    151. Wind
    152. Converter
    153. Wind ×3
    154. Converter
    155. Wind ×7
    156. Converter ×2
    157. Wind ×4
    158. Converter
    159. Wind ×5
    160. Advanced Bot LabEat Advanced Bot Labreclaimed for its metal
    161. Wind ×2
    162. Converter ×2
    163. Wind ×3
    164. Converter
    165. Wind ×7
    166. Converter ×2
    167. Wind ×2
    168. Converter
    169. Wind ×8
    170. Converter ×2
    171. Wind ×3
    172. Converter
    173. Wind ×8
    174. Converter ×3
    175. Wind ×10
    176. Converter ×3
    177. Wind ×9
    178. Converter ×2
    179. Wind ×9
    180. Converter
    181. Wind
    182. Converter ×2
    183. Wind ×9
    184. Converter
    185. Wind ×2
    186. Converter
    187. Wind
    188. Converter
    189. Wind ×7
    190. Converter
    191. Wind
    192. Converter ×2
    193. Wind ×2

Counts are medians over the build's games: half of them build more, half fewer. The example game is Uncle_Cane's (38 OS, 15/10/2026); pick another.

Team trades

IN AT LEAST 30% OF ITS GAMES

You hand over

  • Construction Bot1 Con bot to Airfirst at 2:23 · in 83% of games
  • Advanced Construction Bot5 T2 con bot to Air or Pond or Geo seafirst at 4:51 · in 99% of games
  • Butler2 Butler to Geo sea or Beach sea or Pondfirst at 9:06 · in 42% of games

You get

  • Hercules1 Light transport from Airfirst at 4:01 · in 86% of games

How it plays out

Typical game of this build, running totals by minute

Metal produced

020k40k
0:005:0010:0015:00

metal

Enemy metal destroyed

050100
0:005:0010:0015:00

metal

Own metal lost

050100150
0:005:0010:0015:00

metal

2103 games.

Show as table
ByMetal produced: This buildEnemy metal destroyed: This buildOwn metal lost: This build
1:0038300
2:0091500
3:00165500
4:00314800
5:00484700
6:00580500
7:00724700
8:00908400
9:001121800
10:001354500
11:001626000
12:001967800
13:002346800
14:0027372074
15:003159093130
WHAT THE NUMBERS SAY

Standard Tech play barely fights at all early, instead pouring metal into T2 infrastructure and constructors for the team.

  • + Metal produced hits 31679 by 15:00, by far the highest of any role here.
  • + T2 factory reached in 97% of games by 4:15, fastest and most reliable T2 timing.
  • − Enemy metal destroyed stays at 0 through 10:00, no early offense at all.
  • − Own metal lost also near 0, showing total avoidance of combat risk.
THE EXAMPLE YOU ARE READING

Uncle_Cane

37.5 OS · 15/10/2026

Open source match ↗

5 received units
5072 metal received · 38514 energy received

Allied construction assistance is unknown. Timings are observations, not a promise of solo reproducibility.

Typical milestones

Bot Lab1:18Middle 50%: 1:13–1:32 · n=2103
Advanced Bot Lab4:16Middle 50%: 4:04–4:30 · n=2096
Advanced Metal Extractor5:28Middle 50%: 5:05–5:58 · n=2099

Played most by

Amrissa97games of this buildTheGeneraI70games of this buildAdeus62games of this buildUncle_Cane60games of this buildCrouxy54games of this build